 Dungeon Crawl Stone Soup version 0.23.2-40-g277498a001 (webtiles) character file.

Game seed: 17208205933038179589

1150 MalarOregon the Poker (level 8, -4/60 HPs)
             Began as a Merfolk Skald on Aug 14, 2019.
             Was an Initiate of Gozag.
             Slain by an ice beast (11 damage)
             ... on level 6 of the Dungeon.
             The game lasted 00:15:10 (10776 turns).

MalarOregon the Poker (Merfolk Skald)              Turns: 10776, Time: 00:15:11

Health: -4/60      AC:  5    Str: 13    XL:     8   Next: 38%
Magic:  13/13      EV: 10    Int: 13    God:    Gozag
Gold:   304        SH: 13    Dex: 13    Spells: 11/14 levels left

rFire    . . .     SeeInvis .   a - +0 trident
rCold    . . .     Gourm    .   g - +1 large shield
rNeg     . . .     Faith    .   b - +0 leather armour
rPois    +         Spirit   .   (no helmet)
rElec    .         Reflect  .   h - scarf {repulsion}
rCorr    .         Harm     .   (no gloves)
MR       .....                  j - +1 pair of boots
Stlth    +.........             (no amulet)
HPRegen  0.20/turn              (no ring)
MPRegen  0.13/turn              i - ring of poison resistance

@: repel missiles
A: change form in water, swift swim, stealthy swim, mutation resistance 1
a: Potion Petition, Call Merchant, Bribe Branch, Renounce Religion


You were on level 6 of the Dungeon.
You worshipped Gozag.
Gozag was aware of your devotion.
You were not hungry.

You visited 1 branch of the dungeon, and saw 6 of its levels.

You collected 375 gold pieces.
You paid 71 gold pieces to Gozag.

Inventory:

Hand Weapons
 a - a +0 trident (weapon)
   (You took it off an orc priest on level 4 of the Dungeon)
 q - a +0 hand axe of flaming
   (You took it off an orc on level 3 of the Dungeon)
Missiles
 l - 4 needles of confusion
 o - 4 curare-tipped needles {!f}
Armour
 b - a +0 leather armour (worn)
 g - a +1 large shield (worn)
   (You found it on level 1 of the Dungeon)
 h - a scarf of repulsion (worn)
   (You found it on level 1 of the Dungeon)
 j - a +1 pair of boots (worn)
   (You found it on level 1 of the Dungeon)
Jewellery
 i - a ring of poison resistance (right hand)
   (You took it off a crimson imp on level 5 of the Dungeon)
Wands
 m - a wand of enslavement (8)
   (You found it on level 5 of the Dungeon)
 v - a wand of digging (4)
   (You found it on level 6 of the Dungeon)
Scrolls
 f - 2 scrolls of identify {@r1}
 k - a scroll of teleportation {@r4}
 r - a scroll of remove curse {@r2}
 t - a scroll of fog
Potions
 c - a potion of resistance
 d - 3 potions of curing {@q1}
 n - a potion of ambrosia
 p - a potion of heal wounds {@q2}
 s - 2 potions of flight
Comestibles
 e - 4 rations {!d}


   Skills:
 + Level 4.2 Fighting
 * Level 6.7 Polearms
 + Level 2.3 Armour
 + Level 5.2 Dodging
 * Level 3.7 Shields
 + Level 3.6 Spellcasting
 - Level 4.0 Charms
 + Level 2.2 Translocations


You had 11 spell levels left.
You knew the following spells:

 Your Spells              Type           Power        Failure   Level  Hunger
a - Infusion              Chrm           ##..         63%         1    #......
q - Shroud of Golubria    Chrm/Tloc      ##........   87%         2    ##.....

Your spell library contained the following spells:

 Spells                   Type           Power        Failure   Level  Hunger
 Song of Slaying          Chrm           ##......     77%         2    ##.....
 Animate Skeleton         Necr           N/A          99%         1    #......
 Pain                     Necr           #...         99%         1    #......
 Regeneration             Chrm/Necr      #.........   99%         3    ###....
 Spectral Weapon          Hex/Chrm       #.......     99%         3    ###....
 Vampiric Draining        Necr           #.........   100%        3    ###....
 Animate Dead             Necr           N/A          100%        4    #####..


Dungeon Overview and Level Annotations

Branches:
Dungeon (6/15)
 Temple: D:4-7

Altars:
Ashenzari
Elyvilon
Fedhas
Gozag
Hepliaklqana
Makhleb
Okawaru
Qazlal
Ru
Trog
Vehumet
Xom

Shops:
D:6 (


Innate Abilities, Weirdness & Mutations

You revert to your normal form in water You are very nimble and swift while swimming.
You are very stealthy in the water. (Stealth+)
You are somewhat resistant to further mutation.


Message History

* * * LOW HITPOINT WARNING * * *
You block the hound's attack. The hound bites you but does no damage.
You block the hound's attack. You block the hound's attack.
You hit the hound. The hound bites you. You block the hound's attack.
You hit the hound.
You kill the hound!
You puncture the ice beast! You block the ice beast's attack.
You closely miss the ice beast.
The ice beast hits you but does no damage.
The phantom becomes distracted by the nearby gold, dreaming of imaginary riches.
You completely miss the ice beast.
The phantom is no longer distracted by gold.
The ice beast barely misses you. You block the ice beast's attack.
Unknown command.
You completely miss the ice beast.
The ice beast becomes distracted by the nearby gold, dreaming of imaginary riches.
Your shield prevents you from hitting the ice beast.
The ice beast is no longer distracted by gold.
The phantom blinks!
The ice beast closely misses you.
You closely miss the ice beast. You block the ice beast's attack.
You closely miss the ice beast. You block the ice beast's attack.
You hit the ice beast. You block the ice beast's attack.
You hit the ice beast but do no damage. You block the ice beast's attack.
You closely miss the ice beast. The ice beast hits you.
The ice beast freezes you!
* * * LOW HITPOINT WARNING * * *
You closely miss the ice beast.
The phantom blinks!
The ice beast hits you but does no damage.
You hit the ice beast. You block the ice beast's attack.
You completely miss the ice beast. You block the ice beast's attack.
You hit the ice beast but do no damage.
The ice beast hits you but does no damage.
The phantom blinks!
You block the ice beast's attack.
You hit the ice beast but do no damage.
The ice beast hits you but does no damage.
You hit the ice beast but do no damage.
The ice beast hits you but does no damage.
You closely miss the ice beast. The ice beast hits you.
* * * LOW HITPOINT WARNING * * *
The ice beast freezes you!
* * * LOW HITPOINT WARNING * * *
You see here 7 gold pieces.
You block the ice beast's attack. The ice beast hits you.
* * * LOW HITPOINT WARNING * * *
The ice beast freezes you!
You die...
Your body crumbles into a pile of gold.

.......##..............#
.......##...###........#
..[....................#
............##.........#
............##......W..#
.....................#.#
............>....#.#.#.#
##.......#.......Y...#.#
.........#......@#####.#
...#.....#........$....#
...#.....#....##########
..##.....#....#
#.##.....#....#
#.##.....#....#
#.............#
..............#
..............#


You could see a phantom and an ice beast.

Vanquished Creatures
  2 centaurs
  Blork the orc (D:4)
  A scorpion (D:4)
  3 howler monkeys
  2 jellies
  2 crimson imps
  A hound (D:6)
  3 orc priests
  A centaur skeleton (D:4)
  2 orc wizards
  Natasha (thrice) (D:4)
  4 worker ants
  A hound zombie (D:5)
  7 gnolls
  7 adders
  2 oozes (D:1)
  5 worms
  4 dart slugs (D:1)
  2 leopard geckos
  11 orcs
  5 giant cockroaches
  9 hobgoblins
  4 jackals
  9 kobolds
  3 quokkas
  A ball python (D:4)
  5 bats
  9 frilled lizards
  5 goblins
  A jackal skeleton (D:4)
  5 rats
120 creatures vanquished.

Notes
Turn   | Place    | Note
-------+----------+-------------------------------------------
     0 | D:1      | MalarOregon the Merfolk Skald began the quest for the Orb.
     0 | D:1      | Reached XP level 1. HP: 16/16 MP: 3/3
    65 | D:1      | Reached XP level 2. HP: 17/23 MP: 5/5
    88 | D:1      | Learned a level 2 spell: Shroud of Golubria
   372 | D:1      | Reached skill level 1 in Armour
   372 | D:1      | Reached XP level 3. HP: 26/28 MP: 6/6
  1101 | D:2      | Found a burning altar of Makhleb.
  1132 | D:2      | Found a sacrificial altar of Ru.
  1148 | D:2      | Reached XP level 4. HP: 19/34 MP: 7/7
  1210 | D:2      | Found a stormy altar of Qazlal.
  1243 | D:2      | Found a hazy altar of Hepliaklqana.
  1245 | D:2      | Found a radiant altar of Vehumet.
  1247 | D:2      | Found a white marble altar of Elyvilon.
  2357 | D:2      | Noticed a centaur
  2378 | D:2      | Killed a centaur
  2378 | D:2      | Reached skill level 4 in Polearms
  2378 | D:2      | Reached skill level 1 in Shields
  2378 | D:2      | Reached skill level 1 in Translocations
  2378 | D:2      | Reached XP level 5. HP: 6/41 MP: 7/9
  3559 | D:2      | Reached XP level 6. HP: 12/47 MP: 10/10
  4014 | D:3      | Found a shattered altar of Ashenzari.
  4347 | D:3      | HP: 2/47 [orc/cursed -1 whip (6)]
  5967 | D:4      | Reached skill level 5 in Polearms
  6203 | D:4      | Reached XP level 7. HP: 31/52 MP: 11/11
  6753 | D:4      | Noticed Blork the orc
  6790 | D:4      | Killed Blork the orc
  6943 | D:4      | Gained mutation: You are somewhat resistant to further
                  | mutation. [potion of mutation]
  7433 | D:4      | Noticed Natasha
  7439 | D:4      | Killed Natasha
  7915 | D:4      | Noticed Natasha
  7939 | D:4      | Killed Natasha
  7992 | D:4      | Noticed Natasha
  8005 | D:4      | Killed Natasha
  8128 | D:5      | Entered Level 5 of the Dungeon
  8750 | D:5      | HP: 2/53 [crimson imp (1)]
  8947 | D:5      | Reached skill level 6 in Polearms
  9056 | D:5      | Found a shimmering altar of Xom.
  9059 | D:5      | Found an opulent altar of Gozag.
  9063 | D:5      | Became a worshipper of Gozag Ym Sagoz the Greedy
  9067 | D:5      | Found an iron altar of Okawaru.
  9114 | D:5      | Reached XP level 8. HP: 8/60 MP: 13/13
  9711 | D:5      | Found a blossoming altar of Fedhas.
 10154 | D:6      | Found Biapt's Antique Weapon Emporium.
 10156 | D:6      | Found a bloodstained altar of Trog.
 10185 | D:6      | Reached skill level 5 in Dodging
 10776 | D:6      | Slain by an ice beast

Skill      XL: |  1  2  3  4  5  6  7  8 |
---------------+-------------------------+-----
Dodging        | 3 4 5 |  5.2
Armour         | 1 2 |  2.3
Fighting       | 3 4 |  4.2
Polearms       | 4 5 6 |  6.7
Shields        | 1 2 3 |  3.7
Translocations | 1 2 |  2.2
Charms         | 4 |  4.0
Spellcasting   | 3 |  3.6

Action                   |  1- 3 |  4- 6 |  7- 9 || total
-------------------------+-------+-------+-------++-------
Melee: Spear             |   141 |   457 |   435 ||  1033
       Trident           |       |       |    43 ||    43
Invok: Potion Petition   |       |       |     1 ||     1
  Use: Scroll            |       |     7 |     7 ||    14
       Potion            |       |     2 |     4 ||     6
 Stab: Sleeping          |     1 |       |       ||     1
       Distracted        |       |       |     1 ||     1
  Eat: Chunk             |     1 |    13 |     3 ||    17
       Ration            |       |     1 |     4 ||     5
Armor: Leather armour    |    17 |    65 |    69 ||   151
       Skin              |       |     8 |       ||     8
Dodge: Dodged            |    39 |    94 |    97 ||   230
       Deflected         |       |     4 |     3 ||     7
Block: Large shield      |    27 |   198 |   230 ||   455
